[Event "Titled Tuesday Blitz March 07 Early 2023"]
[White "Wilson, Elvin"]
[Black "Khamdamova, Afruza"]
[WhiteFideId "2014874"]
[BlackFideId "14210444"]
[WhiteElo "2286"]
[BlackElo "2210"]
[Result "0-1"]
[Round "02"]
[TimeControl "180+2"]
[Date "2023.03.07"]
[WhiteClock "0:00:02"]
[BlackClock "0:00:09"]

1. c4 Nf6 2. g3 e5 3. Nc3 Bc5 4. Bg2 O-O 5. Nf3 d6 6. O-O Be6 7. b3 c6 8. e3 Nbd7 9. d4 Bb6 10. h3 Re8 11. Bb2 exd4 12. Nxd4 Bxd4 13. Qxd4 Ne5 14. g4 Qc7 15. Rad1 Rad8 16. f4 Nexg4 17. hxg4 Bxg4 18. Bf3 Bxf3 19. Rxf3 Qe7 20. Rd2 c5 21. Qd3 Ng4 22. Rg2 Qh4 23. Rfg3 h5 24. Nd5 Re6 25. e4 Rde8 26. Rh3 Qe1+ 27. Qf1 Rxe4 28. Rf3 Qh4 29. Bc3 a6 30. Rfg3 f6 31. Ba5 Kf7 32. Bc3 b5 33. cxb5 axb5 34. b4 c4 35. a4 g6 36. Nc7 Rc8 37. axb5 Rxc7 38. b6 Rce7 0-1


[Site "https://www.chess.com"]

[Event "Titled Tuesday Blitz March 07 Early 2023"]
[White "Buksa, Nataliya"]
[Black "Smietanska, Wiktoria"]
[WhiteFideId "14123622"]
[BlackFideId "21869359"]
[WhiteElo "2316"]
[BlackElo "1910"]
[Result "1-0"]
[Round "02"]
[TimeControl "180+2"]
[Date "2023.03.07"]
[WhiteClock "0:01:30"]
[BlackClock "0:00:06"]

1. d4 Nf6 2. Nc3 d5 3. Bf4 c5 4. e3 e6 5. Nf3 Bd6 6. dxc5 Bxf4 7. exf4 Qa5 8. Bd3 Qxc5 9. O-O O-O 10. Ne2 Nc6 11. c3 a6 12. Ned4 b5 13. a3 Bb7 14. Re1 Nxd4 15. Nxd4 Rac8 16. Qe2 Ne4 17. f3 Nd6 18. Rad1 Nc4 19. Bb1 a5 20. Kh1 b4 21. axb4 axb4 22. Qc2 g6 23. Ba2 Ra8 24. Bb3 bxc3 25. bxc3 Rfc8 26. Rc1 Na3 27. Qd2 Ba6 28. f5 exf5 29. Nxf5 gxf5 30. Qg5+ Kf8 31. Qxf5 Kg7 32. Bxd5 Bc4 33. Qxf7+ Kh6 34. Qf6+ Kh5 35. Re5# 1-0


[Site "https://www.chess.com"]

[Event "Titled Tuesday Blitz March 07 Early 2023"]
[White "Qashashvili, Alexandre"]
[Black "Rodriguez Fontecha, Marcos"]
[WhiteFideId "13600842"]
[BlackFideId "2256576"]
[WhiteElo "2405"]
[BlackElo "2263"]
[Result "1/2-1/2"]
[Round "02"]
[TimeControl "180+2"]
[Date "2023.03.07"]
[WhiteClock "0:00:12"]
[BlackClock "0:00:11"]

1. e4 e6 2. d4 d5 3. exd5 exd5 4. Bf4 c5 5. Nf3 Nc6 6. c3 Nf6 7. Bb5 Be7 8. O-O O-O 9. Re1 Bg4 10. h3 Bh5 11. dxc5 Bxc5 12. Qd3 Ne4 13. Be3 Qb6 14. Bxc6 bxc6 15. Bxc5 Qxc5 16. Nd4 Bg6 17. Qe3 Rfe8 18. Nd2 Nf6 19. Qf3 Rab8 20. Rxe8+ Rxe8 21. N2b3 Qd6 22. Nf5 Qe5 23. Nfd4 Be4 24. Qg3 Qxg3 25. fxg3 Rc8 26. Nc5 Kf8 27. Re1 Ke7 28. Nf5+ Kf8 29. Nd6 Rd8 30. Ndxe4 Nxe4 31. Nxe4 dxe4 32. Rxe4 Rd2 33. Rb4 Ke7 34. a4 Kd6 35. Rb7 Ke6 36. b4 Rc2 37. Rxa7 Rxc3 38. Rc7 Rc4 39. Rb7 c5 40. bxc5 Rxa4 41. Rc7 Rc4 42. Kh2 Rc3 43. h4 h5 44. Kh3 f6 45. Kh2 g5 46. hxg5 fxg5 47. Kh3 Rc1 48. Kh2 Kf5 49. Rh7 Kg4 50. Rc7 Rc3 51. c6 Rxg3 52. Rf7 Rc3 53. c7 h4 54. Rh7 Rc2 55. Rg7 h3 56. c8=Q+ Rxc8 57. gxh3+ Kf5 58. Rf7+ Kg6 59. Rf3 Rc4 60. Kg3 Kh5 61. Ra3 Rb4 62. Rc3 Ra4 63. Rd3 Ra5 64. Re3 Rb5 65. Rf3 Ra5 66. Re3 Rb5 67. Rf3 Rd5 68. Re3 Rd1 69. Rf3 Rg1+ 70. Kh2 Re1 71. Kg3 Re4 72. Rd3 Ra4 73. Rf3 Rf4 74. Rxf4 gxf4+ 75. Kxf4 Kh4 1/2-1/2


[Site "https://www.chess.com"]

[Event "Titled Tuesday Blitz March 07 Early 2023"]
[White "Afanasieva, Alexandra"]
[Black "Manukian, Artak"]
[WhiteFideId "34126926"]
[BlackFideId "13301373"]
[WhiteElo "1763"]
[BlackElo "2130"]
[Result "1-0"]
[Round "02"]
[TimeControl "180+2"]
[Date "2023.03.07"]
[WhiteClock "0:00:21"]
[BlackClock "0:00:17"]

1. e4 c6 2. d4 d5 3. e5 Bf5 4. h4 h5 5. a4 e6 6. Bd3 Bxd3 7. Qxd3 Nh6 8. Nf3 Nf5 9. a5 Be7 10. g3 Nd7 11. Bd2 c5 12. c3 Rc8 13. Na3 Qxa5 14. c4 Qd8 15. cxd5 Nf8 16. d6 Bxd6 17. exd6 Qxd6 18. Nb5 Qb6 19. Nxa7 Ra8 20. dxc5 Qxc5 21. Be3 Nxe3 22. Qxe3 Qb4+ 23. Kf1 Ng6 24. Kg2 O-O 25. Nd4 e5 26. Nf5 Rfd8 27. Ra3 Qg4 28. Ne7+ Nxe7 29. Qxe5 Ng6 30. Qe3 Re8 31. Qf3 Qb4 32. Rb3 Qc5 33. Rxb7 Rxa7 34. Qxf7+ 1-0


[Site "https://www.chess.com"]

[Event "Titled Tuesday Blitz March 07 Early 2023"]
[White "Yosha_Iglesias"]
[Black "Tsyhanchuk, Stanislav"]
[BlackFideId "13505130"]
[WhiteElo "2478"]
[BlackElo "2173"]
[Result "1-0"]
[Round "02"]
[TimeControl "180+2"]
[Date "2023.03.07"]
[WhiteClock "0:00:13"]
[BlackClock "0:00:09"]

1. d4 Nf6 2. Nf3 e6 3. e3 b6 4. Bd3 Bb7 5. O-O c5 6. c4 Be7 7. Nc3 d6 8. d5 O-O 9. e4 e5 10. h3 a6 11. a4 a5 12. g3 Na6 13. Nh4 Bc8 14. Kh2 g6 15. Bh6 Qd7 16. g4 Nb4 17. Bb1 Nxg4+ 18. hxg4 Bxh4 19. Bxf8 Kxf8 20. f3 Bg5 21. Ne2 h5 22. Rg1 hxg4 23. Rxg4 Bf6 24. Qh1 Kg7 25. Ng3 Kf8 26. Kg2 Qb7 27. Rh4 Bxh4 28. Qxh4 Bd7 29. f4 exf4 30. Qxf4 Qc7 31. Qf6 Bc8 32. e5 dxe5 33. Bxg6 Qe7 34. Qh8# 1-0


[Site "https://www.chess.com"]

[Event "Titled Tuesday Blitz March 07 Early 2023"]
[White "Samaganova, Aleksandra"]
[Black "Ronka, Erik"]
[WhiteFideId "13800221"]
[BlackFideId "505080"]
[WhiteElo "1858"]
[BlackElo "2264"]
[Result "0-1"]
[Round "02"]
[TimeControl "180+2"]
[Date "2023.03.07"]
[WhiteClock "0:00:01"]
[BlackClock "0:00:04"]

1. c4 c6 2. Nf3 d5 3. e3 Nf6 4. Nc3 Nbd7 5. d4 e6 6. Bd3 dxc4 7. Bxc4 b5 8. Bd3 Bb7 9. O-O a6 10. a3 c5 11. dxc5 Bxc5 12. b4 Be7 13. Bb2 O-O 14. Qe2 Bxf3 15. gxf3 Ne5 16. Rfd1 Qb6 17. f4 Nxd3 18. Rxd3 a5 19. bxa5 Qxa5 20. Rd2 Rab8 21. f5 Rfc8 22. fxe6 Rxc3 23. exf7+ Kxf7 24. Bxc3 Qxc3 25. Rb1 Qc5 26. Rdb2 Qg5+ 27. Kh1 Qd5+ 28. f3 Bxa3 29. Rxb5 Rxb5 30. Rxb5 Qe6 31. Rb7+ Be7 32. e4 h6 33. Qb2 Nh5 34. Qb3 Qxb3 35. Rxb3 Nf4 36. Kg1 Ne6 37. Kf2 Bc5+ 38. Kg3 Bd6+ 39. Kg2 Nf4+ 40. Kg1 Be5 41. Rb6 g5 42. Rxh6 Ng6 43. Rh7+ Kf6 44. Rb7 Bf4 45. Rb5 Kg7 46. Rf5 Ne5 0-1


[Site "https://www.chess.com"]

[Event "Titled Tuesday Blitz March 07 Early 2023"]
[White "Goltseva, Ekaterina"]
[Black "Prieto Aranguren, Alain"]
[WhiteFideId "24173770"]
[BlackFideId "2268906"]
[WhiteElo "2200"]
[BlackElo "2209"]
[Result "1-0"]
[Round "02"]
[TimeControl "180+2"]
[Date "2023.03.07"]
[WhiteClock "0:00:03"]
[BlackClock "0:00:04"]

1. Nf3 g6 2. d4 Bg7 3. e3 c5 4. dxc5 Na6 5. Bc4 Nxc5 6. O-O Nf6 7. Ne5 O-O 8. b4 Nfe4 9. Bb2 Na4 10. Bd4 d5 11. Bb3 Nb6 12. Nd2 Bf5 13. c4 Nxd2 14. Qxd2 dxc4 15. Nxc4 Bxd4 16. exd4 Nd5 17. Ne5 Be6 18. Rfd1 Rc8 19. Rac1 Rxc1 20. Qxc1 Qb6 21. a3 Rc8 22. Qd2 a5 23. Bxd5 Bxd5 24. bxa5 Qb3 25. h4 Rc2 26. Qe1 Qxa3 27. h5 Qa2 28. Ng4 Re2 29. Qf1 Re4 30. Ne3 Bc6 31. h6 Qxa5 32. Qd3 Qd8 33. d5 1-0


[Site "https://www.chess.com"]

[Event "Titled Tuesday Blitz March 07 Early 2023"]
[White "laurynaszaveckis"]
[Black "Grunberg, Mihai-Lucian"]
[BlackFideId "1204149"]
[WhiteElo "2274"]
[BlackElo "2363"]
[Result "1-0"]
[Round "02"]
[TimeControl "180+2"]
[Date "2023.03.07"]
[WhiteClock "0:00:26"]
[BlackClock "0:01:40"]

1. d4 f5 2. Bg5 g6 3. Nc3 Nh6 4. e4 Nf7 5. Be3 fxe4 6. Nxe4 Bg7 7. Qd2 d5 8. Ng5 O-O 9. Nxf7 Rxf7 10. O-O-O c6 11. h4 h5 12. Nf3 Bg4 13. Be2 Nd7 14. Ng5 Rf6 15. Bxg4 hxg4 16. h5 gxh5 17. Rxh5 Nf8 18. Rdh1 Qe8 19. Qe2 Qd7 20. R1h4 Rg6 21. Rxg4 Qf5 22. Rf4 Qd7 23. Rfh4 Ne6 24. Rh8+ Bxh8 25. Rxh8+ Kxh8 26. Qh5+ Kg8 27. Qh7+ Kf8 28. Qf7# 1-0


[Site "https://www.chess.com"]

[Event "Titled Tuesday Blitz March 07 Early 2023"]
[White "Zaksaite, Salomeja"]
[Black "Castellano, Christopher"]
[WhiteFideId "12801496"]
[BlackFideId "5203651"]
[WhiteElo "2059"]
[BlackElo "2171"]
[Result "1-0"]
[Round "02"]
[TimeControl "180+2"]
[Date "2023.03.07"]
[WhiteClock "0:00:10"]
[BlackClock "0:00:15"]

1. d4 d5 2. Nc3 Bf5 3. Bf4 c6 4. f3 Nf6 5. g4 Bg6 6. h4 h6 7. e3 e6 8. Bd3 Bxd3 9. cxd3 Bd6 10. Nh3 Nxg4 11. fxg4 Qxh4+ 12. Kd2 Bxf4 13. Nxf4 Qe7 14. Qf3 Nd7 15. Rag1 O-O-O 16. Kc2 Kb8 17. Kb1 Ka8 18. Nh5 g6 19. Nf4 e5 20. Nfe2 Rde8 21. Rf1 f6 22. Kc2 Qb4 23. a3 Qa5 24. Rh2 Qa6 25. Rfh1 h5 26. gxh5 g5 27. h6 exd4 28. exd4 c5 29. Qxd5 cxd4 30. Qxd7 dxc3 31. Nxc3 Rd8 32. Qf5 g4 33. h7 g3 34. Rg2 Qc6 35. Qe4 Qd6 36. Rh3 f5 37. Qxf5 Rhf8 38. Qe4 Rde8 39. Qxe8+ Rxe8 40. h8=Q Rd8 41. Qh7 a6 42. Rhxg3 Ka7 43. Qe4 Rc8 44. Qe3+ Ka8 45. Rg8 1-0


[Site "https://www.chess.com"]

[Event "Titled Tuesday Blitz March 07 Early 2023"]
[White "Eynullayev, Atilla"]
[Black "SicilianPanzer"]
[WhiteFideId "13413570"]
[WhiteElo "2181"]
[BlackElo "2260"]
[Result "1-0"]
[Round "02"]
[TimeControl "180+2"]
[Date "2023.03.07"]
[WhiteClock "0:00:09"]
[BlackClock "0:00:01"]

1. d4 Nf6 2. c4 e6 3. Nc3 d5 4. cxd5 exd5 5. Bg5 c6 6. Qc2 Be7 7. e3 a5 8. Bd3 Na6 9. a3 Nc7 10. Nf3 Ne6 11. Bh4 g6 12. Ne5 Ng7 13. h3 O-O 14. g4 Nd7 15. Bg3 f6 16. Nxg6 hxg6 17. Bxg6 b5 18. Bh7+ Kh8 19. Qg6 Re8 20. Qh6 Nf8 21. Bd3+ Kg8 22. g5 Bf5 23. Bc7 Qxc7 24. gxf6 Bxf6 25. Bxf5 Nxf5 26. Qxf6 Ng7 27. Rg1 b4 28. Ne2 bxa3 29. Rxa3 Qf7 30. Qh6 Ra7 31. Nf4 Rb8 32. b3 a4 33. Nh5 Ne6 34. Nf6+ Kf8 35. Qh8+ Ke7 36. Qxb8 Kxf6 37. Qe5+ Ke7 38. Rxa4 Rxa4 39. bxa4 1-0


[Site "https://www.chess.com"]

[Event "Titled Tuesday Blitz March 07 Early 2023"]
[White "Chakravarthi Reddy, M"]
[Black "Mortazavi, Ali"]
[WhiteFideId "25009532"]
[BlackFideId "401323"]
[WhiteElo "2201"]
[BlackElo "2339"]
[Result "0-1"]
[Round "02"]
[TimeControl "180+2"]
[Date "2023.03.07"]
[WhiteClock "0:00:14"]
[BlackClock "0:00:17"]

1. c4 g6 2. d4 Bg7 3. Nc3 d6 4. e4 Nf6 5. Nf3 O-O 6. Be2 Bg4 7. O-O Nbd7 8. h3 Bxf3 9. Bxf3 e5 10. d5 a5 11. Be3 Ne8 12. g4 Qh4 13. Kh2 Bh6 14. Qd2 Bxe3 15. Qxe3 Nc5 16. Rg1 f6 17. Ne2 Rf7 18. Ng3 Ng7 19. a3 a4 20. Raf1 Qg5 21. Ne2 Ra6 22. Nc3 Rb6 23. Nb5 Ne8 24. Bd1 Qxe3 25. fxe3 c6 26. Nc3 Rxb2+ 27. Rg2 Rxg2+ 28. Kxg2 Nc7 29. Bxa4 cxd5 30. exd5 Rf8 31. Rb1 Ra8 32. Rb4 Ra7 33. Bc2 Rxa3 34. Nd1 Kf7 35. Kf3 Ke7 36. Ke2 Ra2 37. Kd2 N7a6 38. Rb6 Kd7 39. Nc3 Ra1 40. Nb5 Ra2 41. Rxd6+ Ke7 42. Rb6 Nb4 43. Nd4 exd4 44. Rxb4 d3 45. Rb5 Rxc2+ 46. Kd1 Kd6 47. Rb6+ Ke5 48. Rb5 Ne4 49. Rxb7 Nf2+ 50. Ke1 d2+ 51. Kxf2 d1=Q+ 52. Kg3 Qe1+ 53. Kf3 0-1


[Site "https://www.chess.com"]

[Event "Titled Tuesday Blitz March 07 Early 2023"]
[White "Walentukiewicz, Michal"]
[Black "Blokhin, Sofia"]
[WhiteFideId "1126903"]
[BlackFideId "4508190"]
[WhiteElo "2028"]
[BlackElo "1994"]
[Result "1-0"]
[Round "02"]
[TimeControl "180+2"]
[Date "2023.03.07"]
[WhiteClock "0:02:26"]
[BlackClock "0:00:39"]

1. e4 c5 2. Nc3 e6 3. g3 g6 4. Bg2 Bg7 5. d3 Nc6 6. Be3 Nge7 7. Bxc5 b6 8. Be3 e5 9. Nge2 Nd4 10. O-O Bb7 11. Nd5 Nxd5 12. exd5 Nf5 13. Bd2 d6 14. c4 O-O 15. Bc3 Nd4 16. Nxd4 exd4 17. Bd2 Re8 18. Re1 Qf6 19. Qf3 Qxf3 20. Bxf3 b5 21. cxb5 Be5 22. a4 a6 23. b6 a5 24. b4 Ba6 25. b5 Bc8 26. Rac1 Bf5 27. Be4 Bxe4 28. Rxe4 f5 29. Ree1 Rab8 30. f4 Bf6 31. Rxe8+ Rxe8 32. b7 1-0


[Site "https://www.chess.com"]

[Event "Titled Tuesday Blitz March 07 Early 2023"]
[White "Theytookourjobs"]
[Black "Bruned, Yvain"]
[BlackFideId "2250292"]
[WhiteElo "2251"]
[BlackElo "2183"]
[Result "1/2-1/2"]
[Round "02"]
[TimeControl "180+2"]
[Date "2023.03.07"]
[WhiteClock "0:00:16"]
[BlackClock "0:00:20"]

1. d4 b6 2. e3 Bb7 3. f4 f5 4. Nf3 e6 5. c4 Nf6 6. Nc3 d5 7. Be2 Bd6 8. O-O O-O 9. b3 Nbd7 10. a4 a5 11. Ba3 Bxa3 12. Rxa3 Qe7 13. Qc1 c5 14. Nb5 Rac8 15. Ne5 Ba6 16. Na7 Rc7 17. Nac6 Qd6 18. Nxd7 Nxd7 19. Ne5 cxd4 20. Nxd7 Qxd7 21. Rd1 dxe3 22. Qxe3 Qd6 23. Ra2 Qc5 24. Qxc5 Rxc5 25. cxd5 Bxe2 26. Rxe2 exd5 27. Re7 Rd8 28. Rb7 Rc6 29. Re1 d4 30. Ree7 Rg6 31. Red7 Rxd7 32. Rxd7 Rc6 33. Rxd4 Rc1+ 34. Kf2 Rb1 35. Rd3 Kf7 36. h3 Rb2+ 37. Kf3 h5 38. Kg3 g6 39. Kf3 Ke6 40. g3 Rh2 41. h4 Rc2 42. Ke3 Rc7 43. Kd2 Rc6 44. Ke3 Ke7 45. Kd4 Kd6 46. Ke3+ Ke6 47. Kd4 Rd6+ 48. Kc3 Rxd3+ 49. Kxd3 Kd5 50. Ke3 Kc5 51. Kd3 Kb4 52. Kc2 b5 53. axb5 Kxb5 54. Kc3 Kc5 55. Kc2 Kd4 56. Kd2 Ke4 57. Ke2 Kd5 58. Kd3 Kc5 59. Kc3 Kb5 60. Kc2 Kb6 61. Kc3 Kc5 62. Kd3 Kb4 63. Kc2 Ka3 64. Kc3 Ka2 65. Kc2 Ka3 66. Kc3 Ka2 67. Kc2 Ka1 68. Kc1 Ka2 69. Kc2 1/2-1/2


[Site "https://www.chess.com"]

[Event "Titled Tuesday Blitz March 07 Early 2023"]
[White "Rottenwohrer Suarez, Juan"]
[Black "De Souza, Cristiano Gomes"]
[WhiteFideId "32068182"]
[BlackFideId "2151758"]
[WhiteElo "2174"]
[BlackElo "2068"]
[Result "1-0"]
[Round "02"]
[TimeControl "180+2"]
[Date "2023.03.07"]
[WhiteClock "0:01:55"]
[BlackClock "0:01:23"]

1. Nf3 Nf6 2. g3 g6 3. Bg2 Bg7 4. O-O O-O 5. c4 c5 6. Nc3 Nc6 7. d4 cxd4 8. Nxd4 a6 9. c5 Qa5 10. Nb3 Qc7 11. Bf4 e5 12. Bg5 h6 13. Bxf6 Bxf6 14. Nd5 Qd8 15. Nxf6+ Qxf6 16. Qd2 Kg7 17. Rad1 Rd8 18. Qd6 Qe6 19. e3 Kf6 20. Qc7 Qe7 21. Rd6+ Kg7 22. Rfd1 Kf8 23. Bxc6 bxc6 24. Rxc6 Ke8 25. Rcd6 a5 26. c6 a4 27. Nc5 Kf8 28. cxd7 Ba6 29. Rxa6 1-0


[Site "https://www.chess.com"]

[Event "Titled Tuesday Blitz March 07 Early 2023"]
[White "Mohammed, Dilshad"]
[Black "Thiel, Thomas"]
[WhiteFideId "5050421"]
[BlackFideId "4615964"]
[WhiteElo "2112"]
[BlackElo "2244"]
[Result "1-0"]
[Round "02"]
[TimeControl "180+2"]
[Date "2023.03.07"]
[WhiteClock "0:00:35"]
[BlackClock "0:00:07"]

1. Nf3 Nf6 2. c4 g6 3. Nc3 Bg7 4. e4 e5 5. d4 exd4 6. Nxd4 O-O 7. Be2 Re8 8. f3 c6 9. O-O d5 10. cxd5 cxd5 11. Ndb5 Qb6+ 12. Kh1 dxe4 13. fxe4 Nxe4 14. Nxe4 Rxe4 15. Nd6 Rxe2 16. Nxc8 Qe6 17. Qd8+ Qe8 18. Qxe8+ Rxe8 19. Nd6 Rf8 20. Nxb7 Nc6 21. Nc5 Rac8 22. Be3 Bxb2 23. Rab1 Bd4 24. Bxd4 Nxd4 25. Nd7 Rfd8 26. Nf6+ Kg7 27. Ne4 Rc7 28. Rfd1 Rcd7 29. Nc5 Rd5 30. Ne4 Nc6 31. Rdc1 Ne5 32. h3 Rd4 33. Nc3 Nd3 34. Rf1 Nc5 35. Rb5 Rc4 36. Rf3 Rd2 37. Ra5 Rc2 38. Nd5 a6 39. Ne3 Rc1+ 40. Kh2 R4c3 41. a3 Ne4 42. Rxa6 Nd2 43. Rf2 Rxe3 44. Rxd2 Rcc3 45. Ra2 Re1 46. a4 Rcc1 47. a5 Ra1 48. Rxa1 Rxa1 49. Ra8 h5 50. h4 Kf6 51. a6 Kf5 52. Kg3 f6 53. Kh3 Ra3+ 54. g3 Ra2 55. Ra7 Ra1 56. Kg2 Ra2+ 57. Kh3 Ra1 58. Ra8 Ra2 59. a7 Ra3 60. Kg2 Kg4 61. Kf2 Ra2+ 62. Ke3 Kxg3 63. Rg8 Rxa7 64. Rxg6+ Kxh4 65. Rxf6 Kh3 66. Kf2 h4 67. Kg1 1-0


[Site "https://www.chess.com"]

[Event "Titled Tuesday Blitz March 07 Early 2023"]
[White "Hernandez Sanchez, Elvis De La Caridad"]
[Black "Burke, John F"]
[WhiteFideId "6400353"]
[BlackFideId "2052970"]
[WhiteElo "2461"]
[BlackElo "2243"]
[Result "1-0"]
[Round "02"]
[TimeControl "180+2"]
[Date "2023.03.07"]
[WhiteClock "0:00:44"]
[BlackClock "0:00:38"]

1. e4 c5 2. Nf3 Nc6 3. d4 cxd4 4. Nxd4 e6 5. Nc3 Qc7 6. g3 a6 7. Bg2 Nf6 8. O-O Nxd4 9. Qxd4 Bc5 10. Bf4 d6 11. Qd2 h6 12. Rad1 Ke7 13. a3 e5 14. Be3 Bg4 15. f3 Be6 16. Kh1 Rhd8 17. f4 b5 18. Nd5+ Bxd5 19. exd5 Ng4 20. Bxc5 Qxc5 21. fxe5 Nxe5 22. Rde1 Kf8 23. Qf4 Ra7 24. Qf2 Rc7 25. Qf5 Kg8 26. Be4 Ng6 27. h4 Re7 28. h5 Re5 29. Qxf7+ Kh8 30. Qxg6 1-0


[Site "https://www.chess.com"]

[Event "Titled Tuesday Blitz March 07 Early 2023"]
[White "Fajdetic, Hrvoje"]
[Black "Bozorov, Makhsum"]
[WhiteFideId "14501945"]
[BlackFideId "14201330"]
[WhiteElo "2185"]
[BlackElo "2461"]
[Result "0-1"]
[Round "02"]
[TimeControl "180+2"]
[Date "2023.03.07"]
[WhiteClock "0:00:25"]
[BlackClock "0:00:09"]

1. d4 Nf6 2. Bf4 c5 3. e3 g6 4. c3 Bg7 5. Nd2 O-O 6. Ngf3 d6 7. h3 Nc6 8. Be2 Qb6 9. Nc4 Qd8 10. a4 Be6 11. Qb1 Rc8 12. Ng5 Bxc4 13. Bxc4 cxd4 14. exd4 h6 15. Nf3 Nxd4 16. Bxf7+ Rxf7 17. cxd4 g5 18. Be3 Qa5+ 19. Bd2 Qd5 20. O-O Ne4 21. Be3 Rcf8 22. Qa2 Qxa2 23. Rxa2 Rc8 24. b4 Rff8 25. Re1 Bf6 26. Rc1 Rxc1+ 27. Bxc1 Rc8 28. Be3 Rc4 29. Rb2 Kf7 30. Kf1 Ke6 31. Ke2 Kd5 32. a5 Nc3+ 33. Kd3 Nb5 34. Rb3 Bxd4 35. Nxd4 Nxd4 36. Bxd4 Rxd4+ 37. Ke3 e5 38. f3 Kc4 39. Rb1 Kb5 40. h4 Rxh4 41. g4 Rh2 42. Rd1 Rb2 43. Rxd6 Rxb4 44. Rd5+ Ka4 45. Rxe5 Rb5 46. Re7 Kxa5 47. Rh7 Rb6 48. Rh8 Kb5 49. Ra8 a5 50. f4 gxf4+ 51. Kxf4 Kb4 52. Ke3 a4 53. Kd2 Rc6 54. Ra7 b5 55. Kd1 Kb3 56. Ra5 b4 57. Kd2 a3 58. Kd1 a2 59. Kd2 Kb2 60. g5 hxg5 0-1


[Site "https://www.chess.com"]

[Event "Titled Tuesday Blitz March 07 Early 2023"]
[White "Abdilkhair, Abilmansur"]
[Black "Kohler, Aran"]
[WhiteFideId "13716417"]
[BlackFideId "1002856"]
[WhiteElo "2216"]
[BlackElo "2237"]
[Result "1-0"]
[Round "02"]
[TimeControl "180+2"]
[Date "2023.03.07"]
[WhiteClock "0:00:55"]
[BlackClock "0:00:05"]

1. d4 Nf6 2. c4 e6 3. Nc3 d5 4. Bg5 c6 5. e3 Nbd7 6. Nf3 h6 7. Bh4 Bb4 8. Rc1 Qa5 9. a3 Bxc3+ 10. Rxc3 Ne4 11. b4 Nxc3 12. Qb3 Qa4 13. Qxc3 a5 14. b5 Nb6 15. c5 Nc4 16. Bxc4 dxc4 17. b6 Qb3 18. Kd2 a4 19. Rc1 Ra5 20. Qxa5 Qd3+ 21. Ke1 Qxa3 22. Qc3 Qa2 23. Ne5 O-O 24. Nxc4 e5 25. Nxe5 Be6 26. Ra1 Qb3 27. Qxb3 axb3 28. Kd2 Bf5 29. Kc3 Bc2 30. Nc4 g5 31. Bg3 Kg7 32. Na3 Be4 33. f3 Bd5 34. Nc4 b2 35. Nxb2 f5 36. Be5+ Kg6 37. Nc4 g4 38. Nd6 gxf3 39. gxf3 Bxf3 40. Rg1+ Kh5 41. Rg7 Ra8 42. Nxf5 Ra2 43. Bf6 Ra3+ 44. Kb4 1-0


[Site "https://www.chess.com"]

[Event "Titled Tuesday Blitz March 07 Early 2023"]
[White "Biriukov, Ilja"]
[Black "Omariev, Maksim"]
[WhiteFideId "4113373"]
[BlackFideId "4193423"]
[WhiteElo "2426"]
[BlackElo "2458"]
[Result "0-1"]
[Round "02"]
[TimeControl "180+2"]
[Date "2023.03.07"]
[WhiteClock "0:00:10"]
[BlackClock "0:00:04"]

1. e4 c5 2. b4 cxb4 3. a3 e6 4. f4 d5 5. e5 Nc6 6. Nf3 Nh6 7. axb4 Bxb4 8. c3 Be7 9. d4 Nf5 10. Bd3 h5 11. O-O Bd7 12. Na3 O-O 13. Nc2 Na5 14. Ne3 g6 15. Bxf5 exf5 16. Nxd5 Nc4 17. Ng5 a5 18. Qe2 Bb5 19. Nxe7+ Qxe7 20. e6 f6 21. Nf7 Ba6 22. d5 Qc5+ 23. Kh1 Qxd5 24. Rd1 Qc6 25. Nh6+ Kg7 26. Nxf5+ gxf5 27. e7 Rfe8 28. Qxh5 Rxe7 29. Qxf5 Rh8 30. Qg4+ Kf7 31. f5 Qe4 32. Qg6+ Kf8 33. Bh6+ Rxh6 34. Qxh6+ Rg7 35. Qxf6+ Kg8 36. Rd8+ Kh7 37. Rg1 Ne3 38. Qf8 Kh6 39. Rd6+ Kh7 40. Rd8 Qxf5 41. Qxf5+ Nxf5 42. h3 Ng3+ 43. Kh2 Nf1+ 44. Kh1 Ng3+ 45. Kh2 Ne2 46. Re1 Nf4 47. g4 Nd3 48. Ree8 a4 49. Rh8+ Kg6 50. h4 a3 51. h5+ Kg5 52. h6 Re7 53. Rdg8+ Kh4 54. h7 Re2+ 55. Kg1 Kg3 56. Kf1 Re1# 0-1


[Site "https://www.chess.com"]

[Event "Titled Tuesday Blitz March 07 Early 2023"]
[White "Zacurdajev, Dmitry"]
[Black "Torres Dominguez, David"]
[WhiteFideId "4196309"]
[BlackFideId "2220857"]
[WhiteElo "2179"]
[BlackElo "1999"]
[Result "0-1"]
[Round "02"]
[TimeControl "180+2"]
[Date "2023.03.07"]
[WhiteClock "0:00:03"]
[BlackClock "0:00:33"]

1. d4 e5 2. dxe5 d6 3. Nf3 Bg4 4. Bf4 Nc6 5. exd6 Qf6 6. d7+ Bxd7 7. Bc1 O-O-O 8. Nbd2 g5 9. Ne4 Qg6 10. Nexg5 Bf5 11. Bd2 Bh6 12. e4 Bxe4 13. Nxe4 Qxe4+ 14. Qe2 Bxd2+ 15. Nxd2 Qxc2 16. Nc4 Qf5 17. g3 Nf6 18. Bg2 Rhe8 19. Ne3 Qa5+ 20. Kf1 Rd2 21. Qe1 Nd4 22. Rd1 Qa6+ 23. Kg1 Ne2+ 24. Kf1 Nxg3+ 25. Kg1 Ne2+ 26. Kf1 Nc3+ 27. Kg1 Ne2+ 28. Kf1 Nd4+ 29. Kg1 Rg8 30. Ng4 Rxg4 31. Qxd2 0-1


[Site "https://www.chess.com"]

[Event "Titled Tuesday Blitz March 07 Early 2023"]
[White "Ciuffoletti, Paolo"]
[Black "Gheorghiu, Calin"]
[WhiteFideId "807630"]
[BlackFideId "1200305"]
[WhiteElo "2143"]
[BlackElo "2223"]
[Result "1-0"]
[Round "02"]
[TimeControl "180+2"]
[Date "2023.03.07"]
[WhiteClock "0:00:34"]
[BlackClock "0:00:02"]

1. e4 c5 2. d4 cxd4 3. c3 Nf6 4. e5 Nd5 5. Qxd4 e6 6. Bc4 Nc6 7. Qe4 f5 8. Qe2 Nb6 9. Bb3 Be7 10. Nf3 O-O 11. O-O Kh8 12. Rd1 Qe8 13. a4 a5 14. Be3 Ra6 15. Qb5 Na8 16. Na3 Nc7 17. Qe2 b6 18. Nb5 Nd5 19. Bxd5 exd5 20. Nc7 Qh5 21. Nxa6 f4 22. Bd4 d6 23. Nc7 Bg4 24. h3 Nxd4 25. cxd4 Bd7 26. Nxd5 Bd8 27. Nc3 Re8 28. Re1 Bc6 29. Nh2 Qg6 30. Qg4 Qc2 31. exd6 Rf8 32. Re2 Qb3 33. Rae1 Bf6 34. Nf3 g6 35. Ne4 Bg7 36. Neg5 h5 37. Qh4 Bd7 38. Ne6 Bf6 39. Nfg5 Re8 40. Qxf4 1-0


[Site "https://www.chess.com"]

[Event "Titled Tuesday Blitz March 07 Early 2023"]
[White "Bowden, Karl"]
[Black "Dilmukhametov, Artur"]
[WhiteFideId "400548"]
[BlackFideId "24179922"]
[WhiteElo "2446"]
[BlackElo "2199"]
[Result "1-0"]
[Round "02"]
[TimeControl "180+2"]
[Date "2023.03.07"]
[WhiteClock "0:00:16"]
[BlackClock "0:00:07"]

1. e4 e6 2. d3 d5 3. Qe2 dxe4 4. dxe4 Nc6 5. Nf3 Bc5 6. e5 f6 7. exf6 Nxf6 8. Nc3 Qe7 9. Be3 Bxe3 10. Qxe3 Bd7 11. O-O-O O-O-O 12. Bc4 e5 13. Rhe1 Rhe8 14. Nd5 Nxd5 15. Bxd5 Qb4 16. c3 Qa4 17. Qe4 Qxe4 18. Bxe4 g6 19. h3 Re7 20. Re3 Rde8 21. Rde1 Na5 22. b3 b6 23. Kc2 Bf5 24. Bxf5+ gxf5 25. Rxe5 Rxe5 26. Rxe5 Rxe5 27. Nxe5 Kd8 28. b4 Nb7 29. Nc6+ Kd7 30. Nxa7 Nd6 31. a4 c6 32. b5 cxb5 33. axb5 Kc7 34. Kd3 Kb7 35. Nc6 Kc7 36. c4 Kd7 37. f3 h6 38. Kd4 h5 39. Kd5 Nf7 40. Ne5+ Ke7 41. Nxf7 Kxf7 42. Kc6 Ke7 43. Kxb6 Kd8 44. c5 Kc8 45. c6 Kb8 46. f4 h4 47. Kc5 Kc7 48. b6+ Kc8 49. Kd6 Kd8 50. b7 Ke8 51. b8=Q+ 1-0


[Site "https://www.chess.com"]

[Event "Titled Tuesday Blitz March 07 Early 2023"]
[White "Aarav Dengla"]
[Black "Mim, Akter"]
[WhiteFideId "45059756"]
[BlackFideId "10263950"]
[WhiteElo "2285"]
[BlackElo "2219"]
[Result "1-0"]
[Round "02"]
[TimeControl "180+2"]
[Date "2023.03.07"]
[WhiteClock "0:01:23"]
[BlackClock "0:01:06"]

1. e4 c5 2. Nf3 e6 3. g3 a6 4. Bg2 b5 5. O-O Bb7 6. Qe2 g6 7. a4 b4 8. d4 cxd4 9. Nxd4 Bg7 10. e5 Bxg2 11. Kxg2 d6 12. Bf4 Qb6 13. Nf3 d5 14. Nbd2 Ne7 15. Nb3 Nbc6 16. h4 h6 17. Qd2 Rc8 18. a5 Qc7 19. Nc5 Qa7 20. Nd3 Qb8 21. b3 O-O 22. Bxh6 d4 23. Rh1 Nf5 24. Bxg7 Nxg7 25. Qh6 Nf5 26. Qg5 Kg7 27. h5 Rh8 28. Qf6+ Kg8 29. hxg6 1-0


[Site "https://www.chess.com"]